cohdb
Replays
Latest Replays
All Replays
Popular Replays
Top Player Replays
Match Explorer
How It Works
Community
CoH3 Stats
Reddit
Sign in to upload your games and track your stats! →
Sign in with Steam
Match 47196826
Unlisted
Match 47196826
Overview
Messages
Build Orders
End
Selects Australian Defense Battlegroup
Selects Australian Light Infantry Section
Australian Light Infantry Section
Royal Engineer Section
Australian Light Infantry Section
Construct Field Infirmary
Australian Light Infantry Section
Construct Section Command Post
mentoss
Jansoldaat
0
0
Comments
sign in to comment!
No comments posted yet!